 Dungeon Sprint DCSS version 0.30.1-9-gdf580d7c3d (webtiles) character file.

Game seed: 13569124135590528915

24637 Heoruswealwe the Minotaur Porcupine (level 12, -18/134 HPs)
             Began as a Minotaur Fighter on Oct 18, 2023.
             Was an Initiate of Gozag.
             Killed from afar by a fire giant (34 damage)
             ... with a fireball
             ... in the Dungeon (Sprint IX: "|||||||||||||||||||||||||||||").
             The game lasted 00:27:18 (2428 turns).

Heoruswealwe the Minotaur Porcupine (MiFi)          Turns: 2428, Time: 00:27:19

Health: -18/134    AC: 29    Str: 37    XL:     12   Next: 82%
Magic:  11/11      EV: 10    Int:  5    God:    Gozag
Gold:   576        SH:  0    Dex:  8    Spells: 11/11 levels left

rFire   . . .        b - +2 glaive "Afuk" {vamp, rElec rC- Str+8 Dex-2}
rCold   x . .        (shield currently unavailable)
rNeg    . . .        c - +0 storm dragon scales
rPois   +            (helmet restricted)
rElec   +            h - +2 cloak {rPois}
rCorr   .            f - +0 pair of gloves
SInv    .            e - +0 pair of boots
Will    .....        (no amulet) Stlth
                     k - +3 ring of strength
HPRegen 0.42/turn    j - +2 ring of protection
MPRegen 0.12/turn

%: no teleportation
@: flayed, gold aura
A: horns 2, retaliatory headbutt
a: Renounce Religion, Potion Petition, Call Merchant, Bribe Branch


You were in the Dungeon.
You worshipped Gozag.
Gozag was pleased with you.
You visited 1 branch You collected 8925 gold pieces.
You spent 3726 gold pieces at shops.
You paid 4623 gold pieces to Gozag.

Inventory:

Hand Weapons
 a - a +0 trident
 b - the +2 glaive "Afuk" (weapon) {vamp, rElec rC- Str+8 Dex-2}
   (You bought it in a shop in the Dungeon)

   Str:       It affects your strength (+8).
   Dex:       It affects your dexterity (-2).
   rC:        It makes you vulnerable to cold.
   rElec:     It insulates you from electricity.
 s - the +7 captain's cutlass {speed, disarm}
   (You bought it in a shop in the Dungeon)
 t - a +1 glaive of venom
 x - a +1 vampiric halberd
Armour
 c - +0 storm dragon scales (worn)
 d - a +0 buckler
 e - a +0 pair of boots (worn)
 f - a +0 pair of gloves (worn)
 h - a +2 cloak of poison resistance (worn)
Jewellery
 j - a +2 ring of protection (right hand)
 k - a +3 ring of strength (left hand)
 u - a ring of protection from cold
Wands
 l - a wand of acid (10)
Scrolls
 i - 7 scrolls of enchant armour
 n - 5 scrolls of blinking
 o - 2 scrolls of silence
 w - 6 scrolls of enchant weapon
 y - 2 scrolls of identify
 z - a scroll of brand weapon
Potions
 g - 2 potions of haste
 m - 2 potions of might
 p - 5 potions of heal wounds
 q - 6 potions of curing
 v - a potion of resistance
Miscellaneous
 r - a condenser vane


   Skills:
 + Level 20.5 Fighting
 O Level 27 Polearms
 + Level 20.5 Armour
 - Level 3.6 Shields


You had 11 spell levels left.
You didn't know any spells.
Your spell library was empty.

Dungeon Overview and Level Annotations

Branches:
Dungeon (1/1)

Altars:
Cheibriados
Dithmenos
Elyvilon
Fedhas
Gozag
Hepliaklqana
Kikubaaqudgha
Makhleb
Nemelex Xobeh
Okawaru
Qazlal
Ru
Sif Muna
Trog
Uskayaw
Vehumet
Wu Jian
Xom
Yredelemnul
Zin
The Shining One
Jiyva
Lugonu

Shops:
D ?([!*((*(


Innate Abilities, Weirdness & Mutations

You have a pair of horns on your head.
You reflexively headbutt those who attack you in melee.


Message History

Something bites you but does no damage.
You hit something but do no damage. You headbutt something.
Something hits you!! Something bites you but does no damage.
The fire dragon is distracted by your dazzling golden aura.
The fire dragon roars deafeningly!
You slice something!!
The fire dragon is no longer distracted by gold.
Something hits you. Something bites you!
Something draws strength from your injuries!
You chop something into pieces!!!
Reactivating autopickup.
You feel a bit more experienced.
The fire giant is no longer distracted by gold.
The fire dragon breathes flames at you.
The blast of flame hits the fire giant!
The fire giant resists.
The blast of flame hits you!
* * * LOW HITPOINT WARNING * * *
Things that are here:
117 gold pieces; a +1 great sword of flaming The fire giant hits you with a +2 great sword of flaming!
* * * LOW HITPOINT WARNING * * *
The fire giant burns you.
* * * LOW HITPOINT WARNING * * *
Things that are here:
54 gold pieces; a +0 dagger; a +0 robe You feel much better.
The fire giant's soul is no longer bound.
The fire giant hits you with a +2 great sword of flaming!
* * * LOW HITPOINT WARNING * * *
The fire giant burns you.
* * * LOW HITPOINT WARNING * * *
The flayed ghost stares at you with tortured malice.
Terrible wounds open up all over your body!
* * * LOW HITPOINT WARNING * * *
You carve the fire giant like a ham!!!
The fire giant is severely wounded.
The fire giant points at you and mumbles some strange words.
The fireball explodes!
The fireball engulfs you!!
You die...
Your body crumbles into a pile of gold.

.........'........[...'...[[...'.
▓▓▓▓▓▓▓▓▓▓▓▓▓▓▓▓▓▓▓▓▓▓▓▓▓▓▓▓▓▓▓▓▓
.................................
▓▓▓▓▓▓▓▓▓▓▓▓▓▓▓▓▓▓▓▓▓▓▓▓▓▓▓▓▓▓▓▓▓
))[[..[.'))...∩.∩.∩.∩.∩.∩.'.∩.∩.∩
▓▓▓▓▓▓▓▓▓▓▓▓▓▓▓▓▓▓▓▓▓▓▓▓▓▓▓▓▓▓▓▓▓
.................................
▓▓▓▓▓▓▓▓▓▓▓▓▓▓▓▓▓▓▓▓▓▓▓▓▓▓▓▓▓▓▓▓▓
........?.$$.$$$@CD.W...,,+,,,,,,
▓▓▓▓▓▓▓▓▓▓▓▓▓▓▓▓▓▓▓▓▓▓▓▓*********
,,,,,,,,,,,,,,,,,,,,,,,,,,,,,,,,,
*********************************
,,,+,,,,,,,,,+,,,,,,,,,+,,,,,,,,,
*********************************
,,,,,,,,,,,,,,,,,,,,,,,,,,,,,,,,,
*********************************
,,,,+,,,,,,,,,,,,,,,,,,,,,+,,,,,,


You could see a fire giant, a fire dragon and a flayed ghost.

Vanquished Creatures
  A fire giant (D)
  A vampire knight (D)
  An ettin (D)
  A hydra (D)
  A catoblepas (D)
  8 ogre magi (D)
  4 two-headed ogres (D)
  2 tengu warriors (D)
  A death yak (D)
  A boulder beetle (D)
  Urug (D)
  A necromancer (D)
  4 orc knights (D)
  3 cyclopes (D)
  2 black mambas (D)
  3 cane toads (D)
  A gargoyle (D)
  Psyche (D)
  A kobold demonologist (D)
  3 komodo dragons (D)
  2 tyrant leeches (D)
  A meliai (D)
  A dream sheep (D)
  2 blink frogs (D)
  A slime creature (D)
  2 wyverns (D)
  2 vampire mosquitoes (D)
  3 basilisks (D)
  2 yaks (D)
  3 water moccasins (D)
  13 orc warriors (D)
  A wolf (shapeshifter) (D)
  2 centaurs (D)
  A wolf (D)
  2 ogres (D)
  A phantom (D)
  2 bullfrogs (D)
  A gnoll sergeant (D)
  2 orc priests (D)
  An iguana (D)
  3 orc wizards (D)
  A shadow imp (D)
  An ufetubus (D)
  4 orcs (D)
  A giant cockroach (D)
  A goblin (D)
  A jackal (D)
  A kobold (D)
  A frilled lizard (D)
100 creatures vanquished.

Notes
Turn   | Place    | Note
-------+----------+-------------------------------------------
     0 | D        | Heoruswealwe the Minotaur Fighter began the quest for the
                  | Orb.
     0 | D        | Reached XP level 1. HP: 19/19 MP: 0/0
     8 | D        | Reached skill level 3 in Polearms
    20 | D        | Noticed an iguana
    20 | D        | Noticed a centaur
    20 | D        | Noticed a phantom
    24 | D        | Killed an iguana
    25 | D        | Reached skill level 5 in Fighting
    25 | D        | Reached skill level 5 in Polearms
    25 | D        | Reached skill level 5 in Armour
    25 | D        | Reached XP level 2. HP: 7/29 MP: 1/1
    25 | D        | Reached XP level 3. HP: 9/36 MP: 2/2
    33 | D        | Killed a centaur
    34 | D        | Reached skill level 8 in Polearms
    34 | D        | Reached XP level 4. HP: 26/45 MP: 3/3
    49 | D        | Killed a phantom
    50 | D        | Reached skill level 9 in Polearms
    50 | D        | Reached XP level 5. HP: 21/53 MP: 4/4
    53 | D        | Reached skill level 10 in Polearms
    59 | D        | Found a snail-covered altar of Cheibriados.
    59 | D        | Found a shadowy altar of Dithmenos.
    59 | D        | Found a white marble altar of Elyvilon.
    59 | D        | Found a blossoming altar of Fedhas.
    59 | D        | Found an opulent altar of Gozag.
    60 | D        | Found a hazy altar of Hepliaklqana.
    61 | D        | Found a viscous altar of Jiyva.
    62 | D        | Found an ancient bone altar of Kikubaaqudgha.
    63 | D        | Found a corrupted altar of Lugonu.
    64 | D        | Found a burning altar of Makhleb.
    65 | D        | Found a sparkling altar of Nemelex Xobeh.
    66 | D        | Found an iron altar of Okawaru.
    67 | D        | Became a worshipper of Gozag Ym Sagoz the Greedy
    68 | D        | Found a stormy altar of Qazlal.
    69 | D        | Found a sacrificial altar of Ru.
    70 | D        | Found a shimmering blue altar of Sif Muna.
    71 | D        | Found a bloodstained altar of Trog.
    72 | D        | Found a hide-covered altar of Uskayaw.
    73 | D        | Found a radiant altar of Vehumet.
    74 | D        | Found an ornate altar of the Wu Jian Council.
    75 | D        | Found a shimmering altar of Xom.
    76 | D        | Found a basalt altar of Yredelemnul.
    77 | D        | Found a glowing silver altar of Zin.
    78 | D        | Found a glowing golden altar of the Shining One.
   173 | D        | Noticed a yak
   173 | D        | Noticed a wyvern
   173 | D        | Noticed a centaur
   173 | D        | Noticed a kobold demonologist
   175 | D        | Killed a yak
   176 | D        | Reached skill level 11 in Polearms
   176 | D        | Reached XP level 6. HP: 62/62 MP: 5/5
   178 | D        | Killed a wyvern
   179 | D        | Reached skill level 12 in Polearms
   181 | D        | Noticed a chaos spawn
   187 | D        | Reached skill level 13 in Polearms
   187 | D        | Reached XP level 7. HP: 47/71 MP: 6/6
   190 | D        | Reached skill level 10 in Fighting
   190 | D        | Reached skill level 10 in Armour
   202 | D        | Noticed a red devil
   202 | D        | Killed a kobold demonologist
   203 | D        | Reached skill level 14 in Polearms
   280 | D        | Noticed a gargoyle
   280 | D        | Noticed a vampire mosquito
   280 | D        | Noticed a basilisk
   280 | D        | Noticed a four-headed hydra
   280 | D        | Noticed a cyclops
   280 | D        | Noticed a tengu warrior
   283 | D        | Killed a gargoyle
   284 | D        | Reached skill level 15 in Polearms
   284 | D        | Reached XP level 8. HP: 71/82 MP: 7/7
   293 | D        | Killed a nine-headed hydra
   294 | D        | Reached skill level 16 in Polearms
   299 | D        | Reached skill level 17 in Polearms
   299 | D        | Reached XP level 9. HP: 88/92 MP: 8/8
   310 | D        | Killed a cyclops
   314 | D        | Killed a tengu warrior
   315 | D        | Reached skill level 18 in Polearms
   575 | D        | Noticed a black mamba
   575 | D        | Noticed a komodo dragon
   584 | D        | Noticed a komodo dragon
   586 | D        | Killed a black mamba
   587 | D        | Noticed a catoblepas
   597 | D        | Reached skill level 19 in Polearms
   606 | D        | Killed a catoblepas
   607 | D        | Reached XP level 10. HP: 54/104 MP: 9/9
   625 | D        | Reached skill level 20 in Polearms
   629 | D        | Reached skill level 15 in Fighting
   629 | D        | Reached skill level 15 in Armour
   805 | D        | Noticed a death yak
   805 | D        | Noticed a black mamba
   805 | D        | Noticed a cane toad
   819 | D        | Killed a death yak
   830 | D        | Killed a black mamba
   835 | D        | Killed a cane toad
   836 | D        | Reached skill level 21 in Polearms
  1047 | D        | Noticed a cane toad
  1047 | D        | Noticed a cane toad
  1053 | D        | Killed a cane toad
  1058 | D        | Killed a cane toad
  1069 | D        | Reached XP level 11. HP: 53/115 MP: 10/10
  1077 | D        | Reached skill level 22 in Polearms
  1391 | D        | Noticed Urug
  1399 | D        | Killed Urug
  1587 | D        | Noticed an orc knight
  1587 | D        | Noticed an orc knight
  1588 | D        | Noticed an orc knight
  1595 | D        | Killed an orc knight
  1596 | D        | Reached skill level 23 in Polearms
  1596 | D        | Noticed an orc knight
  1602 | D        | Killed an orc knight
  1613 | D        | Killed an orc knight
  1620 | D        | Killed an orc knight
  1924 | D        | Found Plog's Magic Scroll Emporium.
  1924 | D        | Noticed an ogre mage
  1924 | D        | Noticed an ogre mage
  1924 | D        | Noticed an ogre mage
  1924 | D        | Noticed a two-headed ogre
  1925 | D        | Noticed an ogre mage
  1927 | D        | Noticed an ogre mage
  1928 | D        | Killed an ogre mage
  1930 | D        | Killed an ogre mage
  1931 | D        | Reached skill level 24 in Polearms
  1932 | D        | Found Biptor's Weapon Shoppe.
  1932 | D        | Noticed a two-headed ogre
  1937 | D        | Killed an ogre mage
  1938 | D        | Killed a two-headed ogre
  1944 | D        | Killed an ogre mage
  1948 | D        | Killed an ogre mage
  1949 | D        | Reached XP level 12. HP: 119/128 MP: 11/11
  1954 | D        | Killed a two-headed ogre
  1955 | D        | Reached skill level 25 in Polearms
  1970 | D        | Found Cinluokori's Antique Armour Emporium.
  1983 | D        | Found Quonor's Distillery.
  1985 | D        | Noticed an ogre mage
  1986 | D        | Noticed a two-headed ogre
  1986 | D        | Noticed a two-headed ogre
  1987 | D        | Paralysed by an ogre mage for 4 turns
  1987 | D        | Noticed an ogre mage
  1998 | D        | Killed an ogre mage
  2002 | D        | Killed a two-headed ogre
  2004 | D        | Killed a two-headed ogre
  2007 | D        | Killed an ogre mage
  2112 | D        | Bought a potion of curing for 39 gold pieces
  2112 | D        | Bought a potion of lignification for 39 gold pieces
  2112 | D        | Bought a potion of curing for 39 gold pieces
  2112 | D        | Bought a potion of curing for 39 gold pieces
  2112 | D        | Bought a potion of flight for 39 gold pieces
  2112 | D        | Bought a potion of degeneration for 13 gold pieces
  2112 | D        | Bought a potion of might for 52 gold pieces
  2112 | D        | Bought a potion of haste for 130 gold pieces
  2118 | D        | Bought a scroll of fear for 56 gold pieces
  2118 | D        | Bought a scroll of magic mapping for 105 gold pieces
  2118 | D        | Bought a scroll of torment for 133 gold pieces
  2118 | D        | Bought a scroll of blinking for 105 gold pieces
  2118 | D        | Bought a scroll of identify for 28 gold pieces
  2118 | D        | Bought a scroll of brand weapon for 133 gold pieces
  2118 | D        | Bought a scroll of enchant armour for 105 gold pieces
  2118 | D        | Bought a scroll of immolation for 56 gold pieces
  2142 | D        | Bought a scroll of identify for 24 gold pieces
  2142 | D        | Bought a condenser vane for 480 gold pieces
  2155 | D        | Bought the +7 captain's cutlass {speed, disarm} for 702
                  | gold pieces
  2155 | D        | Found the +7 captain's cutlass {speed, disarm}
  2162 | D        | Bought a runed cloak for 202 gold pieces
  2162 | D        | Bought a runed halberd for 189 gold pieces
  2162 | D        | Bought a scroll of identify for 54 gold pieces
  2162 | D        | Bought a potion of curing for 81 gold pieces
  2217 | D        | Bought the +2 glaive "Afuk" {vamp, rElec rC- Str+8 Dex-2}
                  | for 883 gold pieces
  2253 | D        | Noticed Psyche
  2265 | D        | Killed Psyche
  2362 | D        | Noticed a tengu warrior
  2362 | D        | Noticed a boulder beetle
  2362 | D        | Noticed an ogre mage
  2374 | D        | Killed a tengu warrior
  2375 | D        | Reached skill level 26 in Polearms
  2382 | D        | Killed a boulder beetle
  2386 | D        | Killed an ogre mage
  2392 | D        | Noticed a fire giant
  2395 | D        | Noticed an ettin
  2398 | D        | Noticed a vampire knight
  2402 | D        | Killed a fire giant
  2406 | D        | Noticed a fire giant
  2408 | D        | Noticed a fire dragon
  2413 | D        | Killed an ettin
  2414 | D        | Reached skill level 27 in Polearms
  2424 | D        | Killed a vampire knight
  2428 | D        | Killed from afar by a fire giant

Illustrated notes

Levels and vault maps discovered:
D:        linesprint [early_d, line_temple, items_1, d_10, items_2, lair_1,
          lair_end, items_3, orc_1, orc_end, items_4, d_15, swamp_1, shoals_1,
          snake_1, spider_1, d_20, vaults_1, items_5, swamp_end, shoals_end,
          snake_end, spider_end, vaults_end, d_27, items_6, zot_1, zot_end,
          crypt_end, forest_end, elf_end, slime_end, tomb_end, abyss_end,
          pan_hell_end]

Skill      XL: |  1  2  3  4  5  6  7  8  9 10 11 12 |
---------------+-------------------------------------+-----
Polearms       | 5 8 9 11 13 15 17 19 21 24 27 | 27.0
Fighting       | 5 6 7 8 9 11 12 14 16 18 20 | 20.5
Armour         | 5 6 7 8 9 11 12 14 16 18 20 | 20.5
Shields        | |  3.6

Action                     |  1- 3 |  4- 6 |  7- 9 | 10-12 || total
---------------------------+-------+-------+-------+-------++-------
  Melee: Trident           |    19 |    18 |       |       ||    37
         Headbutt          |     6 |     5 |     8 |    48 ||    67
         Halberd           |       |    11 |    68 |   171 ||   250
         Glaive            |       |       |       |   102 ||   102
 Invoke: Call Merchant     |       |       |       |     5 ||     5
    Use: Potion            |     1 |       |     2 |    10 ||    13
         Scroll            |       |       |       |     2 ||     2
   Stab: Distracted        |       |       |     2 |     3 ||     5
 Armour: Scale mail        |     9 |     4 |       |       ||    13
         Plate armour      |       |     9 |    28 |    64 ||   101
         Storm dragon scal |       |       |       |    28 ||    28
  Dodge: Dodged            |    10 |    12 |    20 |    39 ||    81
  Block: Buckler           |     6 |     1 |       |       ||     7
